 Dungeon Crawl Stone Soup version 0.18.1-50-g88ac8fd (webtiles) character file.

348 MaCx the Magician (level 6, -8/32 HPs)
             Began as a Deep Elf Fire Elementalist on Sept 13, 2016.
             Mangled by Jabber's ghost (12 damage)
             ... on level 4 of the Dungeon on Sept 19, 2016.
             The game lasted 00:18:20 (5117 turns).

MaCx the Magician (Deep Elf Fire Elementalist)      Turns: 5117, Time: 00:18:21

Health: -8/32      AC:  2    Str:  5    XL:     6   Next: 33%
Magic:  14/17      EV: 13    Int: 22    God:
Gold:   205        SH:  0    Dex: 15    Spells: 1 memorised, 16 levels left

rFire  . . .     SeeInvis .     l - +2 hunting sling (flame)
rCold  . . .     Gourm    .     a - +0 robe
rNeg   + . .     Faith    .     (no shield)
rPois  .         Spirit   .     (no helmet)
rElec  .         Dismiss  .     (no cloak)
rCorr  .         Reflect  .     (no gloves)
SustAt .         Harm     .     (no boots)
MR     .....                    (no amulet)
Stlth  ++........               (no ring)
                                g - ring of positive energy

@: not resistant to hostile enchantments, unstealthy
A: no striking features
a: no special abilities


You were on level 4 of the Dungeon.
You were not hungry.

You visited 1 branch of the dungeon, and saw 4 of its levels.

You collected 205 gold pieces.

Inventory:

Hand Weapons
 l - a +2 hunting sling of flaming (weapon)
Missiles
 v - 40 sling bullets (quivered)
Armour
 a - a +0 robe (worn)
 r - a +0 cloak
Jewellery
 g - a ring of positive energy (left hand)
Wands
 z - a wand of slowing (24/48)
Scrolls
 e - 5 scrolls of identify
 f - 2 scrolls of enchant armour {unknown}
 i - 3 scrolls of blinking {unknown}
 j - a scroll of fear {unknown}
 k - a scroll of fog {unknown}
 m - a scroll of magic mapping {unknown}
 o - a scroll of random uselessness {unknown}
 y - 4 scrolls of remove curse {unknown}
 A - a scroll of teleportation {unknown}
 C - a scroll of noise {unknown}
Potions
 h - a potion of might {unknown}
 n - a potion of cancellation {unknown}
 p - a potion of berserk rage {unknown}
 t - a potion of cure mutation {unknown}
 u - 3 potions of curing {unknown}
 w - a potion of heal wounds {unknown}
 B - a potion of magic {unknown}
 G - a potion of lignification {unknown}
Books
 b - a book of Flames

   Spells                             Type                      Level
   a - Flame Tongue                   Conjuration/Fire             1
   b - Throw Flame                    Conjuration/Fire             2
   c - Conjure Flame                  Conjuration/Fire             3
   d - Inner Flame                    Hexes/Fire                   3
   e - Sticky Flame                   Conjuration/Fire             4
   f - Fireball                       Conjuration/Fire             5
 q - a book of Dreams

   Spells                             Type                      Level
   a - Ensorcelled Hibernation        Hexes/Ice                    2
   b - Silence                        Hexes/Air                    5
   c - Darkness                       Hexes                        6
   d - Shadow Creatures               Summoning                    6
 E - a book of the Tempests

   Spells                             Type                      Level
   a - Static Discharge               Conjuration/Air              3
   b - Lightning Bolt                 Conjuration/Air              5
   c - Fireball                       Conjuration/Fire             5
   d - Tornado                        Air                          9
   e - Shatter                        Earth                        9
Comestibles
 c - 2 bread rations
 d - 2 meat rations
 s - 2 beef jerkies
 x - a slice of pizza
 D - a royal jelly
 F - 2 fruits


   Skills:
 - Level 2.4 Dodging
 - Level 2.4 Stealth
 + Level 6.0 Spellcasting
 + Level 4.4 Conjurations
 + Level 4.7 Fire Magic


You had 16 spell levels left.
You knew the following spells:

 Your Spells              Type           Power        Failure   Level  Hunger
a - Flame Tongue          Conj/Fire      ####.        1%          1    None


Dungeon Overview and Level Annotations

Branches:
Dungeon (4/15)
 Temple: D:4-7

Altars:
Okawaru
Trog

Annotations:
D:2 1 exclusion
D:4 Grinder; Jabber's ghost, amateur DEWn


Message History

Confirm with . or Enter, or press ? or * to list all spells.
Aiming: Flame Tongue
Press: ? - help, Shift-Dir - straight line, f/p - Jabber's ghost
Aim: Jabber's ghost (moderately damaged)
The flame tongue hits Jabber's ghost.
Jabber's ghost appears unharmed.
Jabber's ghost is moderately damaged.
Casting: Flame Tongue
Confirm with . or Enter, or press ? or * to list all spells.
Aiming: Flame Tongue
Press: ? - help, Shift-Dir - straight line, f/p - Jabber's ghost
Aim: Jabber's ghost (moderately damaged)
The flame tongue hits Jabber's ghost.
Jabber's ghost resists.
Jabber's ghost is moderately damaged.
Jabber's ghost hits you.
You see here 3 sling bullets.
Jabber's ghost hits you!
* * * LOW HITPOINT WARNING * * *
Jabber's ghost barely misses you. Jabber's ghost hits you!
You die...

........###'#..........
........###.#..######'#
...........>#..#....#.#
............#..#.##.#.#
#.........'..#.##.#..
#......((.##.........
#.........##......###
#....?(...##.#.#####
#...@.....##.......#
#...W.....####.###.#
#....(....# #.# #.#
#.........# #.###.##
#.........# #.......
#.....(...# #####.##
#...((....# #.#.
########### #.#. #.#.


You could see Jabber's ghost.

Vanquished Creatures
  A giant frog (D:3)
  A hound (D:4)
  A worker ant (D:4)
  A hound zombie (D:1)
  11 gnolls (D:2)
  3 adders
  A worm (D:2)
  3 dart slugs (D:2)
  2 giant geckos
  6 orcs
  5 giant cockroaches
  6 goblins
  10 hobgoblins
  2 quokkas
  2 ball pythons
  10 bats
  2 giant newts
  A jackal skeleton (D:4)
  7 kobolds
  4 rats
79 creatures vanquished.

Notes
Turn   | Place    | Note
--------------------------------------------------------------
     0 | D:1      | MaCx the Deep Elf Fire Elementalist began the quest for the Orb.
     0 | D:1      | Reached XP level 1. HP: 10/10 MP: 6/6
   133 | D:1      | Found an iron altar of Okawaru.
   473 | D:1      | Reached XP level 2. HP: 15/15 MP: 5/8
   948 | D:1      | Reached XP level 3. HP: 12/19 MP: 0/10
  1079 | D:2      | Reached skill level 4 in Spellcasting
  1329 | D:2      | Found a bloodstained altar of Trog.
  1329 | D:2      | Found an iron altar of Okawaru.
  1729 | D:2      | Reached XP level 4. HP: 18/24 MP: 5/12
  2674 | D:3      | Noticed a giant frog
  2681 | D:3      | Killed a giant frog
  2681 | D:3      | Reached skill level 5 in Spellcasting
  2681 | D:3      | Reached XP level 5. HP: 22/28 MP: 8/14
  3680 | D:3      | Reached XP level 6. HP: 32/32 MP: 16/16
  4284 | D:4      | Noticed Grinder
  4336 | D:4      | Noticed Jabber's ghost (amateur DEWn)
  5009 | D:4      | Reached skill level 6 in Spellcasting
  5117 | D:4      | Mangled by Jabber's ghost

Skill      XL: |  1  2  3  4  5  6 |
---------------+-------------------+-----
Conjurations   | 2 3 4 |  4.4
Spellcasting   | 4 5 6 |  6.0
Fire Magic     | 4 |  4.7
Dodging        | |  2.4
Stealth        | |  2.4

Action                   |  1- 3 |  4- 6 || total
-------------------------+-------+-------++-------
Melee: Unarmed           |     3 |       ||     3
 Fire: Hunting sling     |       |    87 ||    87
 Cast: Flame Tongue      |    70 |    68 ||   138
  Use: Scroll            |     1 |       ||     1
  Eat: Chunk             |     2 |     9 ||    11
       Pizza             |       |     1 ||     1
Armor: Robe              |     9 |     6 ||    15
Dodge: Dodged            |    22 |    41 ||    63
